 Dungeon Crawl Stone Soup version 0.29.1-15-g9cfb28693d (webtiles) character file.

Game seed: 10119205155927783570

1584 unlimited1921 the Magician (level 9, -4/56 HPs)
             Began as a Djinni Fire Elementalist on Mar 25, 2023.
             Was an Initiate of Gozag.
             Slain by a gnoll
             ... wielding a +0 flail
              (8 damage)
             ... on level 6 of the Dungeon.
             The game lasted 00:23:24 (11630 turns).

unlimited1921 the Magician (DjFE)                  Turns: 11630, Time: 00:23:25

Health: -4/56      AC:  2    Str:  7    XL:     9   Next: 14%
Gold:   363        EV: 20    Int: 21    God:    Gozag SH:  0 Dex: 19

rFire   . . .      SeeInvis .   (weapon currently unavailable)
rCold   . . .      Faith    .   (shield currently unavailable)
rNeg    . . .      Spirit   .   (body armour currently unavailable)
rPois   ∞          Reflect  .   (helmet currently unavailable)
rElec   .          Harm     .   (cloak currently unavailable)
rCorr   +          Rampage  .   (gloves currently unavailable)
Will    .....                   (boots unavailable)
Stlth   +++.......              (no amulet)
HPRegen 0.18/turn               q - ring of resist corrosion
MPRegen 0.00/turn               (no ring)

@: spider-form, flying
A: venomous fangs, flying, sickness immunity, tiny, (fire resistance 2), (cold
vulnerability 1), float, innate caster, HP casting, extra vitality 1
a: End Transformation, Renounce Religion, Potion Petition, Call Merchant, Bribe
Branch


You were on level 6 of the Dungeon.
You worshipped Gozag.
Gozag was aware of your devotion.
You were a venomous arachnid creature.
You visited 2 branches of the dungeon, and saw 7 of its levels.

You collected 416 gold pieces.
You paid 53 gold pieces to Gozag.

Inventory:

Hand Weapons
 k - a +4 quarterstaff of chaos (melded)
Missiles
 o - 2 atropa-tipped darts (quivered)
Armour
 l - a +0 cloak (melded)
 n - a +0 pair of gloves (melded)
 t - a +3 leather armour of cold resistance
 w - the +1 ring mail of Soft Beauty (melded) {Regen+ MP+9}
   (You found it on level 5 of the Dungeon)

   MP:        It affects your magic capacity (+9).
   Regen:     It increases your rate of health regeneration.
Jewellery
 q - a ring of resist corrosion (left front leg)
Wands
 c - a wand of charming (14)
 h - a wand of acid (3)
 x - a wand of flame (9)
Scrolls
 a - a scroll of blinking {unknown}
 d - 2 scrolls of amnesia {unknown}
 f - a scroll of silence {unknown}
 i - a scroll of enchant armour {unknown}
 m - a scroll of brand weapon {unknown}
 p - a scroll of teleportation
 r - a scroll of magic mapping
 s - a scroll of fog
 u - 2 scrolls of noise {unknown}
Potions
 b - a potion of berserk rage
 e - a potion of might {unknown}
 g - 2 potions of flight {unknown}
 j - 3 potions of curing {unknown}
 v - a potion of brilliance


   Skills:
 + Level 0.6 Fighting
 + Level 1.4 Throwing
 + Level 2.5 Armour
 + Level 2.5 Dodging
 + Level 3.7 Stealth
 + Level 7.6 Spellcasting
 + Level 1.0 Evocations


You had one spell level left.
You knew the following spells:

 Your Spells              Type           Power      Damage    Failure   Level
a - Foxfire               Conj/Fire      100%       2x1d9     3%          1
b - Scorch                Fire           78%        2d8       3%          2
c - Conjure Flame         Conj/Fire      39%        6-21      5%          3
d - Inner Flame           Hex/Fire       39%        N/A       5%          3
e - Flame Wave            Conj/Fire      39%        2d11      12%         4
f - Necrotise             Necr           100%       1d9       3%          1
g - Searing Ray           Conj           78%        2d7       3%          2
h - Call Canine Familiar  Summ           39%        N/A       5%          3
i - Spider Form           Tmut/Pois      39%        N/A       5%          3
Your spell library was empty.

Dungeon Overview and Level Annotations

Branches:
Dungeon (6/15)             Temple (1/1) D:4

Altars:
Ashenzari
Cheibriados
Dithmenos
Elyvilon
Fedhas
Gozag
Makhleb
Nemelex Xobeh
Okawaru
Qazlal
Ru
Wu Jian
Yredelemnul
Zin

Shops:
D:2 *   D:6 :


Innate Abilities, Weirdness & Mutations

You are a venomous arachnid creature.
You have poisonous fangs.
You are tiny and dextrous.
You are flying.
Your spellcasting is less reliable in this form.
Your armour is entirely melded.
You are incapable of wielding weapons or throwing items.
You are immune to sickness and miasma.
You are immune to poison.
((Your flesh is very heat resistant. (rF++)))
((You are vulnerable to cold. (rC-)))
You float through the air rather than walking.
You learn spells naturally, not from books.
Your magical power is your life essence.
You have superior vitality. (+4 MHP)


Message History

The phantom is heavily damaged.
The phantom hits you.
The gnoll hits you from afar with a +0 spear.
The phantom attacks as you move away! The phantom hits you.
Found 5 stones.
The phantom attacks as you move away! The phantom barely misses you.
Casting: Spider Form (dangerous; 5% risk of failure)
Confirm with . or Enter, or press ? or * to list all spells.
Aiming: Inner Flame (dangerous; 5% risk of failure)
Press: ? - help, Dir - move target, f - phantom
Aim: a phantom (moderately damaged, chance to affect: 78%)
The phantom barely resists.
The phantom misses you.
The gnoll hits you from afar with a +0 spear.
Casting: Inner Flame (dangerous; 5% risk of failure)
Confirm with . or Enter, or press ? or * to list all spells.
Okay, then.
Found 14 gold pieces.
Found 2 scrolls labelled WICUSS CYICHAFF.
The phantom completely misses you. The gnoll misses you.
The phantom completely misses you.
The gnoll hits you from afar with a +0 spear!
* * * LOW HITPOINT WARNING * * *
The phantom attacks as you move away! The phantom barely misses you.
The gnoll attacks as you move away! The gnoll completely misses you.
The gnoll hits you with a +0 flail.
* * * LOW HITPOINT WARNING * * *
The phantom attacks as you move away! The phantom misses you.
The gnoll attacks as you move away! The gnoll misses you.
The gnoll attacks as you move away! The gnoll hits you with a +0 whip.
* * * LOW HITPOINT WARNING * * *
The phantom attacks as you move away! The phantom misses you.
The gnoll hits you with a +0 flail.
* * * LOW HITPOINT WARNING * * *
The gnoll misses you. The gnoll closely misses you.
A gnoll comes into view. It is wielding a +0 spear.
Things that are here:
a wand of charming (4); a ring of protection from cold The gnoll barely misses you.
The gnoll attacks as you move away! The gnoll hits you with a +0 flail!
You die...
Your body crumbles into a pile of gold.

#.# #.# .#####.#
#...[..g#########
######....#.....##
##..........##
##..........#
##.........#
#sg.......#
#g........#
#W.g......#
##.......##
#.......(.#
#.........#
#.........#
#....$....#
#..?......#


You could see a phantom and 4 gnolls.

Vanquished Creatures
  Grinder (D:4)
  Eustachio (D:4)
  4 sky beasts
  A black bear (D:6)
  A centaur (D:5)
  A phantom (D:5)
  A necrophage (D:5)
  3 scorpions
  3 jellies
  An orc priest (D:4)
  Crazy Yiuf (D:2)
  A hound (D:5)
  Terence (D:3)
  2 iguanas
  An orc wizard (D:4)
  3 adders
  A gnoll (D:1)
  A shadow imp (D:5)
  An ufetubus (D:5)
  A worm (D:3)
  2 dart slugs
  6 orcs
  4 bats
  11 endoplasms
  3 goblins
  7 hobgoblins
  6 quokkas
  10 ball pythons
  4 frilled lizards
  5 kobolds
88 creatures vanquished.

Vanquished Creatures (others)
  315 foxfires
  3 fungi (D:2)
  A plant (D:2)
319 creatures vanquished.

Grand Total: 407 creatures vanquished

Notes
Turn   | Place    | Note
-------+----------+-------------------------------------------
     0 | D:1      | unlimited1921 the Djinni Fire Elementalist began the quest
                  | for the Orb.
     0 | D:1      | unlimited1921 set off with the following spells memorised:
                  | Foxfire, Scorch, Conjure Flame, Inner Flame, Flame Wave.
     0 | D:1      | Reached XP level 1. HP: 15/15 MP: 0/0
   276 | D:1      | Reached XP level 2. HP: 16/21 MP: 0/0
  1879 | D:1      | Reached skill level 3 in Spellcasting
  2082 | D:1      | Reached XP level 3. HP: 23/25 MP: 0/0
  2082 | D:1      | Learned a level 1 spell: Necrotise
  3320 | D:2      | Found Azxickikk's Assorted Antiques.
  4268 | D:2      | Reached XP level 4. HP: 26/31 MP: 0/0
  5581 | D:2      | Found a faded altar of an unknown god.
  5688 | D:2      | Found a runed translucent door.
  5689 | D:2      | Noticed Crazy Yiuf
  5696 | D:2      | Killed Crazy Yiuf
  6185 | D:3      | Found a shadowy altar of Dithmenos.
  6501 | D:3      | Reached skill level 4 in Spellcasting
  6501 | D:3      | Reached XP level 5. HP: 31/35 MP: 0/0
  6501 | D:3      | Learned a level 2 spell: Searing Ray
  6820 | D:3      | Noticed Terence
  6826 | D:3      | Killed Terence
  7567 | D:4      | Noticed a sky beast
  7574 | D:4      | Killed a sky beast
  7575 | D:4      | Reached XP level 6. HP: 28/40 MP: 0/0
  7928 | D:4      | Found a sacrificial altar of Ru.
  7929 | D:4      | Found a stormy altar of Qazlal.
  8201 | D:4      | Reached skill level 5 in Spellcasting
  8201 | D:4      | Reached XP level 7. HP: 34/45 MP: 0/0
  8201 | D:4      | Learned a level 3 spell: Call Canine Familiar
  8442 | D:4      | Found a staircase to the Ecumenical Temple.
  8582 | D:4      | Noticed Eustachio
  8590 | D:4      | Killed Eustachio
  8604 | D:4      | Noticed Grinder
  8612 | D:4      | Killed Grinder
  8613 | D:4      | Reached skill level 6 in Spellcasting
  8613 | D:4      | Reached skill level 1 in Evocations
  8613 | D:4      | Reached XP level 8. HP: 33/50 MP: 0/0
  9805 | Temple   | Entered the Ecumenical Temple
  9882 | Temple   | Became a worshipper of Gozag Ym Sagoz the Greedy
  9915 | D:5      | Entered Level 5 of the Dungeon
 10383 | D:5      | Found an ornate altar of the Wu Jian Council.
 10399 | D:5      | Identified the +1 ring mail of Soft Beauty {Regen+ MP+9}
 10586 | D:5      | Reached skill level 1 in Throwing
 10631 | D:5      | Reached skill level 1 in Armour
 11309 | D:6      | Reached skill level 7 in Spellcasting
 11385 | D:6      | Reached XP level 9. HP: 51/56 MP: 0/0
 11385 | D:6      | Learned a level 3 spell: Spider Form
 11558 | D:6      | Found Werchosuc's Book Boutique.
 11630 | D:6      | Slain by a gnoll

Illustrated notes

Levels and vault maps discovered:
D:1:      dpeg_arrival_rhombus, layout_basic
D:2:      cheibrodos_old_hovel, layout_basic, serial_shops,
          nicolae_shop_advertising_works [nicolae_subvault_shop_adworks],
          shapermc_ecumenical_altar_mp_vishouse, uniq_crazy_yiuf_cottage
D:3:      layout_basic, nicolae_dithmenos_through_a_glass_darkly,
          cheibrodos_sewer_entry_bend, uniq_terence
D:4:      layout_loops_ring, nicolae_overflow_two_pavilions, temple_pool_b,
          uniq_grinder, uniq_eustachio
D:5:      layout_loops_corners, lemuel_crystal_altar, nrook_pool_corridor
D:6:      layout_rooms, nicolae_vehumet_radiance, ebering_ghost_reflecting_pool,
          serial_shops, shop
Temple:   jpeg_temple_clearing

Skill      XL: |  1  2  3  4  5  6  7  8 |
---------------+-------------------------+-----
Spellcasting   | 3 4 5 6 7 |  7.6
Stealth        | 2 3 |  3.7
Evocations     | 1 |  1.0
Throwing       | 1 |  1.4
Armour         | 2 |  2.5
Fighting       | |  0.6
Dodging        | |  2.5

Action                   |  1- 3 |  4- 6 |  7- 9 || total
-------------------------+-------+-------+-------++-------
Melee: Unarmed           |       |    15 |    13 ||    28
       Punch             |       |     1 |       ||     1
Throw: Dart              |       |     5 |     6 ||    11
 Cast: Foxfire           |    82 |    44 |    82 ||   208
       Scorch            |     1 |    18 |    20 ||    39
       Inner Flame       |       |     7 |     6 ||    13
       Searing Ray       |       |     2 |     6 ||     8
       Call Canine Famil |       |       |     3 ||     3
       Necrotise         |       |       |     2 ||     2
       Spider Form       |       |       |     3 ||     3
Evoke: Wand              |       |     5 |       ||     5
  Use: Scroll            |       |       |     7 ||     7
Armor: Robe              |     2 |    10 |       ||    12
       Leather armour    |       |       |     1 ||     1
       Skin              |       |       |     1 ||     1
Dodge: Dodged            |     6 |    16 |    25 ||    47
